Unix NetHack Version 7.0.0 - last build May 18 2022 16:02:46 (1ef854df9bee93650ee6de33306337005608cf07). Game began 2022-05-26 09:11:43, ended 2022-05-26 09:25:55. Raisse, neutral female gnomish Wizard ---- ----------- --.>-------- |.........| |.0........| |.........| |..-----.-.| |.........| |.0|...|00.| |%...<....| |.........-| |..%......| |.......|..| |.........| |.----..--.| |........%| |........|.-- |.........| |.---.-.....------------'| |...|...-..............G.| |.........---------------- -----..|..| ------- Raisse the Conjurer St:14 Dx:18 Co:10 In:17 Wi:11 Ch:10 Neutral Dlvl:5 $:308 HP:0(27) Pw:25(45) AC:8 Xp:4/133 T:3641 Latest messages: The door crashes open! The spell misses the giant ant. The spell hits the giant ant! You kill the giant ant! It misses the giant ant. The giant ant bites! You miss the giant ant. The giant ant bites! It misses the giant ant. You miss the giant ant. The giant ant bites! It misses the giant ant. The giant ant bites! You don't have enough energy to cast that spell. You impale the giant ant. The giant ant bites! It bites the giant ant. The giant ant bites! The giant ant bites! The giant ant bites! The giant ant bites! You don't have enough energy to cast that spell. What do you want to write with? [- abghlmuEJSVY or ?*] - You write in the dust with your fingertip. What do you want to write in the dust here? Elbereth The giant ant bites! What do you want to zap? [lSY or ?*] ? In what direction? l The sleep ray hits the giant ant. The sleep ray bounces! You jab the giant ant. You hear some noises. You pierce the giant ant. You gore the giant ant. You impale the giant ant. The immobile giant ant seems to flinch. You pierce the giant ant. You kill the giant ant! Something is written here in the dust. You read: "| t". Something is written here in the dust. You read: "?". You hear some noises in the distance. You hear some noises. You hear some noises in the distance. The rope golem claws you! The rope golem claws you! The rope golem grabs you! You die... Do you want your possessions identified? [ynq] (y) q Major events: Turn 1: Raisse the neutral female gnomish Wizard entered the dungeon 35: hit with a wielded weapon for the first time 35: killed for the first time 69: entered new level 2, The Dungeons of Doom 76: entered new level 3, The Dungeons of Doom 121: became literate by engraving "gf;" 309: ate for the first time - jackal corpse 309: consumed animal products for the first time, by eating a jackal corpse 671: gained experience level 2 978: entered new level 4, The Dungeons of Doom 1293: attained the rank of Conjurer (level 3) 1393: entered new level 1, The Gnomish Mines 1393: entered the Gnomish Mines 1598: entered new level 5, The Dungeons of Doom 1934: entered new level 6, The Dungeons of Doom 1965: gained experience level 4 2092: entered new level 7, The Dungeons of Doom 2345: entered new level 4, Sokoban 2345: entered Sokoban 2812: entered new level 3, Sokoban Inventory: Inventory: 553/650 weight (34/52 slots) Coins $ - 308 gold pieces {3} Weapons a - an uncursed +0 orcish dagger (weapon in hand) {10} g - 2 uncursed +0 darts {2} E - a blessed +1 quarterstaff (alternate weapon; not wielded) {40} J - a cursed -1 wooden orcish dagger {3} Armor C - an uncursed +0 cloak of magic resistance (being worn) {8} H - an uncursed +0 orcish helm (being worn) {23} Comestibles e - 9 uncursed food rations {180} I - 2 uncursed carrots {4} T - 3 uncursed tripe rations {30} U - an uncursed orange {2} Scrolls q - an uncursed scroll of identify {5} r - an uncursed scroll of enchant weapon {5} s - an uncursed scroll of amnesia {5} t - an uncursed scroll of blank paper {5} K - an uncursed scroll of magic mapping {5} P - an uncursed scroll of teleportation {5} W - an uncursed scroll of earth {5} X - a blessed scroll of earth {5} Potions p - 3 uncursed potions of water {60} z - an uncursed potion of restore ability {20} D - an uncursed potion of booze {20} Q - an uncursed potion of levitation {20} R - a cursed potion of monster detection {20} Rings b - an uncursed ring of sustain ability {3} u - an uncursed ring of shock resistance {3} V - a cursed ring of polymorph {3} Wands l - an uncursed wand of undead turning (0:2) {7} S - an uncursed wand of sleep (0:5) {7} Y - an uncursed wand of make invisible (0:4) {7} Tools h - an uncursed towel {2} w - an uncursed magic whistle {3} G - a cursed magic lamp {20} L - an uncursed pea whistle {3} Gems/Stones m - an uncursed luckstone {10} Raisse the Wizard's attributes: Background: You were a Conjurer, a level 4 female gnomish Wizard. You were neutral, nominally on a mission for Thoth who was opposed by Ptah (lawful) and Anhur (chaotic). You were bisexual. You were in Sokoban, on level 5. You entered the dungeon 3641 turns ago. You had 133 experience points, 27 more were needed to attain level 5. Basics: You had 0 out of 27 hit points. You had 25 out of 45 energy points (spell power). Your armor class was 8. Your wallet contained 308 zorkmids. Autopickup was on for '$!?/"=+' plus thrown, with exceptions. Final Characteristics: Your strength was 14 (limit:18/50). Your dexterity was 18 (limit:18). Your constitution was 10 (limit:18). Your intelligence was 17 (limit:19). Your wisdom was 11 (limit:18). Your charisma was 10 (limit:18). Final Status: You were held by a rope golem (northeast). You were not hungry. You were unencumbered. You were wielding a dagger. You were unskilled in dagger. Final Attributes: You were piously aligned. You were magic-protected. You had infravision. You were warded. You were lucky. You had extra luck. Bad luck did not time out for you. Good luck did not time out for you. You are dead. Miscellaneous: You never encountered a bones level. Total elapsed playing time was 14 minutes and 11 seconds. Vanquished creatures: a rock piercer a red naga hatchling an elf zombie 2 giant ants a dwarf 2 homunculi 9 acid blobs a gas spore a large kobold a giant rat a cave spider a brown mold a gecko 5 jackals 3 foxes a kobold 3 goblins 5 sewer rats 4 grid bugs 2 lichens a kobold zombie 3 newts 50 creatures vanquished. No species were genocided or became extinct. Voluntary challenges: You were an atheist. You read items or engraved 7 times. You never genocided any monsters. You never polymorphed an object. You never changed form. You never touched an artifact. You used no wishes. You never scared an enemy with impunity. You were celibate. You never generated conflict. You did not violate any of the special Sokoban rules. Achievements: You attained the rank of Conjurer. You entered the Gnomish Mines. You entered Sokoban. The Dungeons of Doom: levels 1 to 7 Level 1: A fountain. Level 2: Some sinks. Level 3: Level 4: Stairs down to The Gnomish Mines. Level 5: Level 6: Many fountains, many trees. Oracle of Delphi. Level 7: A fountain, a grave, a tree. Stairs up to Sokoban, level 6. The Gnomish Mines: Level 5: Sokoban: levels 6 up to 5 Level 5: <- You were here. Solved. Final resting place for you, killed by a rope golem. Level 6: Solved. Game over: __________ / \ / REST \ / IN \ / PEACE \ / \ | Raisse | | 308 Au | | killed by a rope | | golem | | | | | | 2022 | *| * * * | * _________)/\\_//(\/(/\)/\//\/|_)_______ Goodbye Raisse the Wizard... You died in Sokoban on dungeon level 5 with 1140 points, and 308 pieces of gold, after 3641 moves. You were level 4 with a maximum of 27 hit points when you died.